 Dungeon Crawl Stone Soup version 0.24.0-123-gd5b16e6ec5 (webtiles) character file.

Game seed: 6300064269233275443, levelgen mode: deterministic

2743 Descartes the Agent of Entropy (level 10, -3/79 HPs)
             Began as a Formicid Abyssal Knight on Dec 22, 2019.
             Was a Priest of Lugonu.
             Slain by a fire bat (6 damage)
             ... on level 8 of the Dungeon.
             The game lasted 00:26:01 (11518 turns).

Descartes the Agent of Entropy (FoAK)              Turns: 11518, Time: 00:26:02

Health: -3/79      AC:  9    Str: 19    XL:     10   Next: 0%
Magic:  15/15      EV: 10    Int: 13    God:    Lugonu [***...]
Gold:   675        SH: 17    Dex: 10    Spells: 9/9 levels left

rFire    + . .     SeeInvis +   D - +0 broad axe
rCold    . . .     Gourm    .   G - +2 large shield
rNeg     . . .     Faith    .   v - +1 leather armour {MR+}
rPois    .         Spirit   .   (helmet unavailable)
rElec    .         Reflect  .   E - +0 cloak
rCorr    .         Harm     .   r - +2 pair of gloves
MR       +++..     Clarity  +   (no boots)
Stlth    +.........             J - amulet of magic regeneration
HPRegen  0.00/turn              k - ring of protection from fire
MPRegen  0.39/turn              B - ring of protection from magic

@: no status effects
A: permanent stasis, dig shafts and tunnels, four strong arms, antennae 3,
clarity, inhibited regeneration
a: Dig, Shaft Self, Depart the Abyss, Bend Space, Banish, Renounce Religion


You were on level 8 of the Dungeon.
You worshipped Lugonu.
Lugonu was most pleased with you.
You were not hungry.

You visited 2 branches of the dungeon, and saw 9 of its levels.
You visited the Abyss 1 time.

You collected 675 gold pieces.

Inventory:

Hand Weapons
 n - a +0 great sword
 y - a +0 shortbow
 D - a +0 broad axe (weapon)
 I - a +0 great mace
Missiles
 l - 31 bolts
 m - 213 stones
 o - 29 poisoned darts (quivered)
 w - 26 arrows
 C - 51 sling bullets
Armour
 r - a +2 pair of gloves (worn)
 s - a +0 pair of gloves
 v - a +1 leather armour of magic resistance (worn)
 E - a +0 cloak (worn)
 G - a +2 large shield (worn)
Magical Staves
 a - an uncursed staff of conjuration {unknown}
Jewellery
 k - a ring of protection from fire (left hand)
 B - a ring of protection from magic (right hand)
 J - an amulet of magic regeneration (around neck)
Wands
 h - a wand of scattershot (5)
 i - a wand of iceblast (11)
 u - a wand of paralysis (1)
 H - a wand of flame (12)
Scrolls
 d - 3 scrolls of silence
 e - a scroll of torment {unknown}
 f - a scroll of magic mapping
 g - a scroll of amnesia
 p - 3 scrolls of remove curse
 q - 3 scrolls of fear
 x - a scroll of immolation {unknown}
 K - a scroll of fog
Potions
 b - a potion of lignification
 j - 3 potions of haste
 z - 2 potions of curing
 A - a potion of flight
Comestibles
 c - 5 rations
 F - a chunk of flesh


   Skills:
 + Level 7.1 Fighting
 + Level 3.7(4.2) Axes
 + Level 2.7(3.7) Maces & Flails
 + Level 6.7 Armour
 - Level 4.0 Dodging
 * Level 6.0 Shields
 + Level 7.2 Invocations


You had 9 spell levels left.
You didn't know any spells.
Your spell library contained the following spells:

 Spells                   Type           Power        Failure   Level  Hunger
 Flame Tongue             Conj/Fire      #....        94%         1    ##.....
 Throw Flame              Conj/Fire      #.....       98%         2    ###....
 Conjure Flame            Conj/Fire      #.......     100%        3    ####...
 Inner Flame              Hex/Fire       #.......     100%        3    ####...
 Sticky Flame             Conj/Fire      #.......     100%        4    #####..
 Fireball                 Conj/Fire      #.........   100%        5    ######.


Dungeon Overview and Level Annotations

Branches:
Dungeon (8/15)             Temple (1/1) D:7
   Lair: D:8-11

Altars:
Ashenzari
Cheibriados
Dithmenos
Elyvilon
Fedhas
Gozag
Hepliaklqana
Kikubaaqudgha
Makhleb
Nemelex Xobeh
Okawaru
Qazlal
Ru
Sif Muna
Trog
Uskayaw
Vehumet
Wu Jian
Yredelemnul
Zin
The Shining One

Annotations:
D:4 1 runed translucent door
D:8 1 runed translucent door


Innate Abilities, Weirdness & Mutations

You cannot be hasted, slowed, berserked, paralysed or teleported.
You can dig through walls and to a lower floor.
Your four strong arms can wield two-handed weapons with a shield.
You have a pair of large antennae on your head. (SInv)
You possess an exceptional clarity of mind.
You do not regenerate when monsters are visible.


Message History

The fire bat is almost dead.
You closely miss the fire bat.
The fire bat bites you but does no damage.
You block the fire bat's attack. The fire bat bites you.
* * * LOW HITPOINT WARNING * * *
You are engulfed in flames.
You resist.
* * * LOW HITPOINT WARNING * * *
You block the fire bat's attack. The fire bat bites you.
* * * LOW HITPOINT WARNING * * *
You are engulfed in flames.
You resist.
* * * LOW HITPOINT WARNING * * *
You completely miss the fire bat.
The fire bat is almost dead.
You block the fire bat's attack. The fire bat bites you.
* * * LOW HITPOINT WARNING * * *
You are engulfed in flames.
You resist.
* * * LOW HITPOINT WARNING * * *
The fire bat bites you.
You die...

#.....<####.####..
#.#.# #...####
#8.8##### .##.#..
#>.## {{##'##...##
........ ####
{{#.#.....#########.#
{ ##.##...###.## #.#
{ #+##...##'###...#
#.#
##.........###._.#
#..
+#{.###'###..#÷...#
###
##..###..@###..##.##
{ # {{{
##..##...÷b..##..###
# {
+....+..._b.÷+b...+ #
{{
##..##.......##÷.## #
##..###...###..##{ #
+#..###+###..#+ {{ #
##.........## {{ # {
#+##8.8##+# { #
##+##{{{ ### #


You could see 2 fire bats.

Vanquished Creatures
  Grinder (D:3)
  A shadow (D:8)
  Sigmund (D:3)
  A wyvern (D:8)
  3 fire bats (D:8)
  2 sky beasts
  An ice beast (D:7)
  An orc warrior (D:7)
  An ogre (D:2)
  A centaur (D:4)
  3 scorpions
  2 crimson imps
  A bullfrog zombie (D:7)
  A centaur zombie (D:8)
  A quasit (D:7)
  An orc priest (D:4)
  5 hounds
  8 orc wizards
  A bullfrog skeleton (D:5)
  An iguana (D:7)
  3 worker ants
  A killer bee zombie (D:7)
  A howler monkey skeleton (D:5)
  14 adders
  4 shadow imps
  An ooze (D:1)
  3 adder skeletons
  An adder zombie (D:8)
  3 worms
  2 leopard geckos
  14 orcs
  A ball python (D:2)
  19 bats
  2 giant cockroaches
  2 goblins
  8 hobgoblins
  12 jackals
  13 kobolds
  3 quokkas
  7 frilled lizards
  A quokka skeleton (D:5)
  16 rats
168 creatures vanquished.

Notes
Turn   | Place    | Note
-------+----------+-------------------------------------------
     0 | Abyss:1  | Descartes the Formicid Abyssal Knight began the quest for
                  | the Orb.
     0 | Abyss:1  | Reached XP level 1. HP: 18/18 MP: 2/2
    14 | Abyss:2  | Found a corrupted altar of Lugonu.
    58 | Abyss:2  | Noticed a neqoxec
    60 | Abyss:2  | Noticed a quasit
    86 | Abyss:3  | Noticed a large abomination
    97 | Abyss:3  | Noticed a starcursed mass
    99 | D:1      | Escaped the Abyss
   558 | D:1      | Reached skill level 1 in Dodging
   559 | D:1      | Reached XP level 2. HP: 7/24 MP: 3/3
   895 | D:1      | Reached * piety under Lugonu
  1028 | D:1      | Reached XP level 3. HP: 21/29 MP: 5/5
  1688 | D:2      | Noticed an ogre
  1714 | D:2      | Killed an ogre
  1714 | D:2      | Reached XP level 4. HP: 20/37 MP: 6/6
  1714 | D:2      | Reached XP level 5. HP: 23/42 MP: 7/7
  3137 | D:3      | Noticed Sigmund
  3722 | D:3      | Noticed Grinder
  3750 | D:2      | Reached XP level 6. HP: 46/49 MP: 8/8
  3971 | D:3      | Reached ** piety under Lugonu
  4242 | D:3      | Killed Sigmund
  4242 | D:3      | Reached XP level 7. HP: 29/55 MP: 10/10
  4590 | D:3      | Reached skill level 5 in Fighting
  4832 | D:3      | HP: 1/56 [Grinder (10)]
  5159 | D:3      | Killed Grinder
  5159 | D:3      | Reached skill level 5 in Invocations
  6139 | D:4      | Found a blossoming altar of Fedhas.
  6202 | D:4      | Reached skill level 5 in Armour
  6202 | D:4      | Reached XP level 8. HP: 32/63 MP: 10/12
  7047 | D:4      | Found a runed translucent door.
  7047 | D:4      | Found a white marble altar of Elyvilon.
  7047 | D:4      | Noticed an angel
  7062 | D:4      | HP: 1/64 [orc priest/divine providence (8)]
  7341 | D:4      | Gained mutation: You do not regenerate when monsters are
                  | visible. [potion of mutation]
  7341 | D:4      | Gained mutation: You possess an exceptional clarity of
                  | mind. [potion of mutation]
  7464 | D:5      | Entered Level 5 of the Dungeon
  7509 | D:5      | Reached skill level 1 in Shields
  7625 | D:5      | Found a glowing golden altar of the Shining One.
  7986 | D:5      | Found a sparkling altar of Nemelex Xobeh.
  7989 | D:5      | Found a stormy altar of Qazlal.
  7989 | D:5      | Found a shimmering blue altar of Sif Muna.
  7992 | D:5      | Found an iron altar of Okawaru.
  8734 | D:6      | Found a sacrificial altar of Ru.
  8775 | D:6      | Found a radiant altar of Vehumet.
  8941 | D:6      | Reached *** piety under Lugonu
  9314 | D:7      | Reached XP level 9. HP: 23/71 MP: 13/13
  9559 | D:7      | Found a white marble altar of Elyvilon.
  9619 | D:7      | Found a basalt altar of Yredelemnul.
  9780 | D:7      | Reached skill level 1 in Maces & Flails
 10512 | D:7      | Found a staircase to the Ecumenical Temple.
 10523 | Temple   | Entered the Ecumenical Temple
 10939 | D:8      | Reached skill level 5 in Shields
 10990 | D:8      | Noticed a death yak
 11158 | D:8      | Found a runed translucent door.
 11164 | D:8      | Noticed a flayed ghost
 11193 | D:8      | Found a snail-covered altar of Cheibriados.
 11227 | D:8      | Found an ancient bone altar of Kikubaaqudgha.
 11509 | D:8      | Reached XP level 10. HP: 25/79 MP: 15/15
 11518 | D:8      | HP: 3/79 [fire bat (4)]
 11518 | D:8      | Slain by a fire bat

Levels and vault maps discovered:
D:1:      dpeg_arrival_radiant, layout_basic, chequers_serial_rivers_large_a
D:2:      minmay_skewed_foursquare, layout_loops_corners, serial_glass,
          glass_columns_a, glass_columns_c, kennysheep_path_1, st_stairs_13,
          minmay_rat_gold_closets
D:3:      layout_basic, first_ration, uniq_sigmund, uniq_grinder
D:4:      layout_loops_ring, fedhas_bush_and_centaur_altar, lemuel_angel_altar
D:5:      layout_basic, tso_oasis_becter, grunt_temple_overflow_open,
          glass_columns_a
D:6:      layout_cave_pools, kennysheep_mini, nicolae_ru_sacrificial_ziggurat
D:7:      layout_loops_ring, kennysheep_ying_yang, minmay_temple_entry_fiery
D:8:      due_megacathedral, layout_basic, dpeg_lair_monsters
Temple:   jpeg_temple_clearing

Skill      XL: |  1  2  3  4  5  6  7  8  9 |
---------------+----------------------------+-----
Dodging        | 1 2 3 4 |  4.0
Fighting       | 4 5 6 7 |  7.1
Armour         | 3 4 5 6 |  6.7
Invocations    | 3 4 5 6 7 |  7.2
Shields        | 3 6 |  6.0
Maces & Flails | 2 |  2.7
Axes           | 3 |  3.7

Action                   |  1- 3 |  4- 6 |  7- 9 | 10-12 || total
-------------------------+-------+-------+-------+-------++-------
Melee: Hand axe          |    82 |   247 |   174 |       ||   503
       Broad axe         |       |       |   422 |     7 ||   429
Invok: Depart the Abyss  |     1 |       |       |       ||     1
 Abil: Dig               |       |    11 |     2 |       ||    13
  Use: Potion            |       |     4 |     4 |       ||     8
       Scroll            |       |       |    12 |       ||    12
  Eat: Chunk             |     2 |     9 |    22 |       ||    33
       Ration            |       |       |     1 |       ||     1
Armor: Leather armour    |    17 |     4 |   247 |     6 ||   274
       Scale mail        |       |   111 |    11 |       ||   122
Dodge: Dodged            |    57 |   122 |   271 |     8 ||   458
Block: Large shield      |       |       |   471 |    10 ||   481
